 Dungeon Crawl Stone Soup version 0.26-a0-665-gefeb406119 (webtiles) character file.

Game seed: 7287859508291963325

93 miscthings the Chopper (level 4, 0/40 HPs)
             Began as a Palentonga Delver on Oct 16, 2020.
             Slain by a wyvern (13 damage)
             ... on level 4 of the Dungeon.
             The game lasted 00:00:50 (556 turns).

miscthings the Chopper (Palentonga Delver)           Turns: 556, Time: 00:00:51

Health: 0/40       AC:  4    Str: 16    XL:     4   Next: 36%
Magic:  4/4        EV:  9    Int: 10    God:
Gold:   76         SH:  0    Dex: 12    Spells: 3/3 levels left

rFire    . . .     SeeInvis +   a - +0 hand axe
rCold    . . .     Faith    .   (no shield)
rNeg     . . .     Spirit   .   b - +0 leather armour
rPois    .         Reflect  .   (no helmet)
rElec    .         Harm     .   (no cloak)
rCorr    .         Rampage  .   (no gloves)
MR       .....                  (no barding)
Stlth    ++........             (no amulet)
HPRegen  0.13/turn              (no ring)
MPRegen  0.09/turn              (no ring)

@: no status effects
A: large, rugged brown scales 3, see invisible, deformed body, roll, armoured
tail
a: Rolling Charge


You were on level 4 of the Dungeon.
You visited 1 branch of the dungeon, and saw 2 of its levels.

You collected 76 gold pieces.

Inventory:

Hand Weapons
 a - a +0 hand axe (weapon)
Armour
 b - a +0 leather armour (worn)
Wands
 g - a wand of digging (3)
Scrolls
 c - 2 scrolls of fog
 d - 2 scrolls of magic mapping
 e - a scroll of fear
 h - a scroll of remove curse {unknown}


   Skills:
 - Level 3.0 Fighting
 + Level 4.7 Axes
 - Level 1.5 Dodging
 - Level 3.3 Stealth


You had 3 spell levels left.
You didn't know any spells.
Your spell library was empty.

Dungeon Overview and Level Annotations

Branches:
Dungeon (5/15)
 Temple: D:4-7

Altars:

Shops:
D:5 !


Innate Abilities, Weirdness & Mutations

You are completely covered in rugged brown scales. (AC +3, +7% HP)
You have supernaturally acute eyesight. (SInv)
Armour fits poorly on your strangely shaped body.
You can roll at foes to attack.
You have a long armoured tail.


Message History

The worm is moderately wounded.
You hit the worm but do no damage.
The worm is moderately wounded.
The worm bites you but does no damage.
You hit the worm but do no damage. You tail-slap the worm!
The worm is almost dead.
The wyvern barely misses you. The worm bites you.
You hit the wyvern but do no damage. You hit the worm but do no damage.
The wyvern bites you.
The wyvern bites you but does no damage.
You barely miss the wyvern. You hit the worm.
You kill the worm!
The wyvern barely misses you.
You hit the wyvern but do no damage.
The wyvern bites you but does no damage.
The wyvern barely misses you.
You completely miss the wyvern.
Your tail-slap misses the wyvern.
The wyvern bites you!!
You closely miss the wyvern. The wyvern misses you. The wyvern bites you!
You die...

#.# #### #.# ..# #.# #.#
#.# #.######.#
####.....>..#
#........##.# ##
#.##..##.##.##### .
#.##..##.......@#.#
##.##..##......#l#.#####
.......##.#..........l.#
##.###.......###.#.###.#
#.....###........#.#
#.#...# ####.##### #
#.....# ##'## ####.##
##...## ###.# ##(....##


You could see a wyvern.

Vanquished Creatures
  A bullfrog (D:4)
  An adder (D:4)
  A gnoll (D:4)
  An ooze (D:4)
  A worm (D:4)
  A ball python (D:4)
  A quokka skeleton (D:4)
7 creatures vanquished.

Notes
Turn   | Place    | Note
-------+----------+-------------------------------------------
     0 | D:5      | miscthings the Palentonga Delver began the quest for the
                  | Orb.
     0 | D:5      | Reached XP level 1. HP: 20/20 MP: 1/1
     2 | D:5      | Found Dutymor's Distillery.
     4 | D:5      | Noticed a gnoll shaman
    31 | D:4      | Reached XP level 2. HP: 25/27 MP: 2/2
   109 | D:4      | Reached skill level 3 in Axes
   119 | D:4      | Noticed a bullfrog
   138 | D:4      | Killed a bullfrog
   138 | D:4      | Reached skill level 4 in Axes
   138 | D:4      | Reached XP level 3. HP: 9/33 MP: 3/3
   138 | D:4      | Reached XP level 4. HP: 11/40 MP: 4/4
   547 | D:4      | Noticed a wyvern
   556 | D:4      | Slain by a wyvern

Illustrated notes

Levels and vault maps discovered:
D:4:      cheibrodos_pilgrimage, layout_loops_corners,
          gammafunk_temple_overflow_claw, uniq_blork_the_orc, uniq_duvessa
D:5:      layout_rooms, cheibriados_altar_1, serial_shops, shop, st_stairs_12

Skill      XL: |  1  2 |
---------------+-------+-----
Axes           | 4 |  4.7
Fighting       | |  3.0
Dodging        | |  1.5
Stealth        | |  3.3

Action                   |  1- 3 |  4- 6 || total
-------------------------+-------+-------++-------
Melee: Hand axe          |    27 |     9 ||    36
       Tailslap          |     2 |     1 ||     3
 Abil: Rolling Charge    |     2 |     1 ||     3
  Use: Potion            |     1 |       ||     1
Armor: Leather armour    |     4 |     3 ||     7
Dodge: Dodged            |    14 |     5 ||    19

Table legend: (Time is in decaauts)
 A = Elapsed time spent in this place.
 B = Non-inter-level travel time spent in this place.
 C = Inter-level travel time spent in this place.
 D = Time resting spent in this place.
 E = Time spent auto-exploring this place.
 F = Levels seen in this place.
 G = Mean time per level.
                   A        B        C        D        E       F      G
               +--------+--------+--------+--------+--------+-----+--------+
         Total |    542 |    542 |      0 |    267 |    195 |   2 |  271.0 |
       Dungeon |    542 |    542 |      0 |    267 |    195 |   2 |  271.0 |
               +--------+--------+--------+--------+--------+-----+--------+

Top non-repeatable levels by time:
     D:4: 515 daAuts
     D:5: 27 daAuts
